 Dungeon Crawl Stone Soup version 0.31-a0-229-g1fc7ce93e2 (webtiles) character file.

Game seed: 8794075164348513124

60 qw the Shooter (level 4, -2/26 HPs)
             Began as a Gargoyle Hexslinger on July 6, 2023.
             Slain by a worm (8 damage)
             ... on level 2 of the Dungeon.
             The game lasted 00:00:32 (1217 turns).

qw the Shooter (Gargoyle Hexslinger)                Turns: 1217, Time: 00:00:32

Health: -2/26      AC:  5    Str: 12    XL:     4   Next: 4%
Magic:  5/5        EV: 12    Int: 13    God:
Gold:   71         SH:  0    Dex: 14    Spells: 4/5 levels left

rFire   . . .        Y - +1 sling
rCold   . . .        (no shield)
rNeg    + . .        c - +0 robe
rPois   inf          (no helmet)
rElec   +            (no cloak)
rCorr   .            (no gloves)
SInv    .            (no boots)
Will    .....        (no amulet)
Stlth   +            (no ring)
HPRegen 0.24/turn    (no ring)
MPRegen 0.09/turn

%: no passive effects
@: no status effects
A: sickness immunity, AC +3, negative energy resistance 1, electricity
resistance, torment resistance 1, petrification resistance
a: no special abilities


You were on level 2 of the Dungeon.
You visited 1 branch of the dungeon, and saw 3 of its levels.

You collected 71 gold pieces.


Innate Abilities, Weirdness & Mutations

You are immune to sickness and miasma.
Your stone body is resilient. (AC +3)
You are immune to poison.
You resist negative energy. (rN+)
You are resistant to electric shocks. (rElec)
You are resistant to unholy torment.
You are immune to petrification.


   Skills:
 - Level 2.0 Fighting
 + Level 3.9 Ranged Weapons
 - Level 1.5 Dodging
 - Level 1.0 Spellcasting
 - Level 2.6 Hexes


You had 4 spell levels left.
You knew the following spells:

 Your Spells              Type           Power      Damage    Failure   Level
a - Slow                  Hex            28%        N/A       10%         1

Your spell library contained the following spells:

 Spells                   Type           Power      Damage    Failure   Level
 Inner Flame              Hex/Fire       4%         N/A       43%         3
 Portal Projectile        Hex/Tloc       8%         N/A       43%         3
 Cause Fear               Hex            3%         N/A       67%         4

Inventory:

Hand Weapons
 Y - a +1 sling (weapon)
Armour
 c - a +0 robe (worn)
 e - a +0 leather armour
 m - a +0 helmet
Jewellery
 k - a ring of fire
 l - a ring of protection from cold
Scrolls
 a - a scroll of enchant armour {unknown}
 b - a scroll of fog {unknown}
 f - 2 scrolls of identify
Potions
 d - 2 potions of curing {unknown}
 g - 3 potions of berserk rage {unknown}
 h - a potion of resistance {unknown}
 i - a potion of heal wounds {unknown}
 j - a potion of attraction {unknown}

Dungeon Overview and Level Annotations

Branches:
Dungeon (3/15)

Altars:


Message History

The sling bullet completely misses the adder.
You shoot a sling bullet.
The sling bullet closely misses the adder.
You shoot a sling bullet. The sling bullet hits the adder.
The adder is heavily wounded.
The adder bites you.
You shoot a sling bullet.
The sling bullet closely misses the adder.
The adder closely misses you.
The hobgoblin hits you but does no damage.
You shoot a sling bullet. The sling bullet hits the adder.
The adder is severely wounded.
The adder bites you. The hobgoblin hits you. The adder barely misses you.
You shoot a sling bullet.
The sling bullet barely misses the adder.
The adder bites you but does no damage. The hobgoblin barely misses you.
You shoot a sling bullet. The sling bullet hits the adder.
The adder is almost dead.
The adder closely misses you. The hobgoblin hits you.
The adder barely misses you.
The hobgoblin hits you but does no damage.
You shoot a sling bullet.
The sling bullet closely misses the adder.
The adder bites you but does no damage. The worm misses you.
The hobgoblin hits you but does no damage.
The adder bites you.
You shoot a sling bullet. The sling bullet hits the adder!
You kill the adder!
The hobgoblin barely misses you. The worm bites you.
You have reached level 4!
You feel stronger.
You shoot a sling bullet. The sling bullet hits the worm.
The worm is lightly wounded.
The hobgoblin closely misses you. The worm bites you.
You shoot a sling bullet.
The sling bullet barely misses the worm.
The hobgoblin misses you.
You shoot a sling bullet. The sling bullet hits the worm.
The worm is moderately wounded.
The hobgoblin hits you. The worm bites you!
You die...

#.. #. .# ..#
.#...#...#. # .#
..#...#.. # .
...#...#...#.
...#...#.. # .
...#..# #..
#wg%.#
..#..#@..#
...##..%.####
####
......##....#
....
##....#####.# #
###.##.......##
# #...
#........## #.#
#%........# #
#.####%......###
# #.##.........#


You could see a worm and a hobgoblin.

Vanquished Creatures
  A gnoll (D:1)
  An adder (D:2)
  A worm (D:2)
  A dart slug (D:1)
  5 ball pythons (D:1)
  3 endoplasms
  A giant cockroach (D:1)
  5 hobgoblins (D:1)
  4 jackals (D:2)
  3 kobolds
  4 quokkas
  2 bats (D:1)
  A frilled lizard (D:1)
  2 rats (D:1)
34 creatures vanquished.

Notes
Turn   | Place    | Note
-------+----------+-------------------------------------------
     0 | D:1      | qw the Gargoyle Hexslinger began the quest for the Orb.
     0 | D:1      | Reached XP level 1. HP: 12/12 MP: 2/2
     0 | D:1      | 0 ||| qw: Version: 0.3-a-46-gb1f654a
     0 | D:1      | 0 ||| qw: Game counter: 1172
     0 | D:1      | 0 ||| qw: Melee chars always use a shield: true
     0 | D:1      | 0 ||| qw: God list: Okawaru
     0 | D:1      | 0 ||| qw: Allow faded altars: false
     0 | D:1      | 0 ||| qw: Do Orc after clearing Dungeon:15 true
     0 | D:1      | 0 ||| qw: Do second Lair branch before Depths: true
     0 | D:1      | 0 ||| qw: Lair rune preference: random
     0 | D:1      | 0 ||| qw: Goals: Normal
     0 | D:1      | 0 ||| PLANNING D:1-11
    27 | D:1      | Reached XP level 2. HP: 16/16 MP: 3/3
    28 | D:1      | Reached skill level 3 in Ranged Weapons
    63 | D:1      | Found a faded altar of an unknown god.
   224 | D:1      | Reached XP level 3. HP: 21/21 MP: 4/4
   830 | D:1      | 830 ||| READING scroll labelled ETIMOXUH HILO.
   834 | D:1      | 834 ||| READING scroll labelled SYLLYLLUAZ.
   850 | D:1      | 850 ||| READING 2 scrolls labelled YMOHUFYCUO.
   851 | D:1      | 851 ||| READING scroll labelled POENOEGEOLL.
   852 | D:1      | 852 ||| DROPPING scroll of poison.
   870 | D:2      | You fall into a shaft and drop 1 floor!
  1215 | D:2      | Reached XP level 4. HP: 11/26 MP: 5/5
  1217 | D:2      | HP: 6/26 [hobgoblin (3)]
  1217 | D:2      | Slain by a worm

Levels and vault maps discovered:
D:1:      amcnicky_arrival_flooded_fountain, layout_basic,
          hellmonk_ecumenical_altar_blasted
D:2:      layout_rooms, corner_web_ring, hex_large, pf_guarded_unrand_delatra
D:3:      layout_rooms, serial_undead, serial_undead_a, serial_undead_e,
          serial_undead_a, serial_undead_b, gammafunk_ghost_nasty_kobolds

Skill      XL: |  1  2  3 |
---------------+----------+-----
Ranged Weapons | 3 |  3.9
Fighting       | 2 |  2.0
Dodging        | |  1.5
Spellcasting   | |  1.0
Hexes          | |  2.6

Action                     |  1- 3 |  4- 6 || total
---------------------------+-------+-------++-------
   Fire: Sling             |   130 |     3 ||   133
    Use: Scroll            |     4 |       ||     4
 Armour: Robe              |    26 |       ||    26
  Dodge: Dodged            |    59 |     2 ||    61

Table legend:
 A = Non-vault XP
 B = Vault XP
 C = Vault XP percentage of total XP
 D = Non-vault monster count
 E = Vault monster count
 F = Vault count percentage of total count
                 A         B        C        D         E       F
            +---------+---------+-------+---------+---------+-------
      Total |      86 |       0 |   0.0 |      34 |       0 |   0.0
            +---------+---------+-------+---------+---------+-------
        D:1 |      52 |       0 |   0.0 |      23 |       0 |   0.0
        D:2 |      34 |       0 |   0.0 |      11 |       0 |   0.0
            +---------+---------+-------+---------+---------+-------
